[Event "Nordic Youth-ch A 2019"]
[Site "Borgarnes"]
[Date "2019.02.17"]
[Round "6.19"]
[White "Jaakkola, Niklas"]
[Black "Medhus, Vitus Bondo"]
[Result "1-0"]
[ECO "B35"]
[WhiteElo "1635"]
[BlackElo "1788"]
[Annotator "NA"]
[PlyCount "117"]
[EventDate "2019.02.03"]
[EventType "swiss"]
[EventCountry "ISL"]
[SourceTitle "playchess.com"]
[Source "ChessBase"]
[SourceQuality "1"]
[TimeControl "5400+30"]

1. e4 c5 2. Nf3 g6 3. d4 cxd4 4. Nxd4 Bg7 5. Nc3 Nc6 6. Be3 Nf6 7. Bc4 Qa5 8. O-O O-O 9. Bb3 d6 10. h3 Bd7 11. Re1 Rac8 12. Rc1 Rfd8 13. a3 Ne5 14. Qe2 a6 15. Bf4 Nh5 16. Bd2 Qb6 17. Be3 Re8 18. Ne6 Qa5 19. Nxg7 Nxg7 20. Nd5 Rc6 21. f4 Bxh3 22. gxh3 Nd7 23. Bd2 Qd8 24. Kh2 e6 25. Nb4 Rc8 26. Nd3 e5 27. fxe5 Nxe5 28. Nxe5 Rxe5 29. Bf4 Rh5 30. Qf2 Qd7 31. Qg3 Ne6 32. Bxe6 Qxe6 33. Bxd6 Rd8 34. e5 f6 35. Qb3 Re8 36. exf6 Rxh3+ 37. Qxh3 Qxd6+ 38. Qg3 Qd2+ 39. Qg2 Qf4+ 40. Kg1 Qd4+ 41. Qf2 Qg4+ 42. Kf1 Qh3+ 43. Qg2 Qf5+ 44. Kg1 Qc5+ 45. Kh2 Qh5+ 46. Qh3 Re2+ 47. Rxe2 Qxe2+ 48. Qg2 Qe5+ 49. Kh1 Qh5+ 50. Kg1 Qc5+ 51. Kf1 Qf5+ 52. Qf2 Qh3+ 53. Ke2 Qh5+ 54. Kd3 Qd5+ 55. Kc3 a5 56. Qd4 Qf3+ 57. Kc4 b5+ 58. Kc5 h5 59. Qd5+ 1-0